 Dungeon Crawl Stone Soup version 0.28.0 (webtiles) character file.

Game seed: 13312349743976005183

1311 Ijustatesigmund the Skirmisher (level 8, -2/53 HPs)
             Began as a Gargoyle Fighter on Feb 11, 2022.
             Killed by divine providence
             ... invoked by an orc priest
              (17 damage)
             ... on level 5 of the Dungeon.
             The game lasted 00:07:51 (4173 turns).

Ijustatesigmund the Skirmisher (Gargoyle Fighter)   Turns: 4173, Time: 00:07:53

Health: -2/53      AC: 27    Str: 22    XL:     8   Next: 58%
Magic:  8/8        EV:  6    Int:  9    God:
Gold:   181        SH: 10    Dex:  9    Spells: 7/7 levels left

rFire   . . .      SeeInvis .   j - +3 mace (protect)
rCold   . . .      Faith    .   c - +2 kite shield
rNeg    + . .      Spirit   .   b - +2 chain mail {Will+}
rPois   ∞          Reflect  .   m - +0 helmet
rElec   +          Harm     .   f - +1 cloak
rCorr   .          Rampage  .   (no gloves)
Will    +....                   (no boots)
Stlth   ..........              (no amulet)
HPRegen 0.17/turn               (no ring)
MPRegen 0.11/turn               (no ring)

@: under a protective aura
A: sickness immunity, AC +5, negative energy resistance 1, electricity
resistance, torment resistance 1, petrification resistance
a: no special abilities


You were on level 5 of the Dungeon.
You visited 1 branch of the dungeon, and saw 6 of its levels.

You collected 181 gold pieces.

Inventory:

Hand Weapons
 a - a +0 flail
 j - a +3 mace of protection (weapon)
Armour
 b - a +2 chain mail of willpower (worn)
 c - a +2 kite shield (worn)
 f - a +1 cloak (worn)
 m - a +0 helmet (worn)
Jewellery
 d - a ring of flight
 g - a ring of ice
Wands
 l - a wand of digging (9)
 o - a wand of mindburst (18)
 q - a wand of polymorph (7)
Scrolls
 e - 2 scrolls of fog
Potions
 h - 2 potions of ambrosia
 i - a potion of heal wounds {unknown}
 n - a potion of magic {unknown}
 p - a potion of mutation {unknown}
 r - a potion of curing {unknown}


   Skills:
 + Level 7.0 Fighting
 + Level 6.9 Maces & Flails
 + Level 3.8 Armour
 + Level 1.2 Dodging
 - Level 5.5 Shields
 - Level 1.2 Evocations


You had 7 spell levels left.
You didn't know any spells.
Your spell library contained the following spells:

 Spells                   Type           Power      Damage    Failure   Level
 Sting                    Tmut/Pois      0%         1d3       100%        1
 Poisonous Vapours        Pois/Air       0%         N/A       100%        2
 Gell's Gravitas          Tloc           0%         N/A       100%        3
 Lesser Beckoning         Tloc           0%         N/A       100%        3
 Teleport Other           Tloc           0%         N/A       100%        3
 Olgreb's Toxic Radiance  Pois           0%         N/A       100%        4


Dungeon Overview and Level Annotations

Branches:
Dungeon (6/15)
 Temple: D:4-7

Altars:
Ashenzari
Kikubaaqudgha
Makhleb
Trog
Uskayaw


Innate Abilities, Weirdness & Mutations

You are immune to sickness and miasma.
Your stone body is resilient. (AC +5)
You are immune to poison.
You resist negative energy. (rN+)
You are resistant to electric shocks. (rElec)
You are resistant to unholy torment.
You are immune to petrification.


Message History

The bullfrog zombie hits you but does no damage.
You sock the bullfrog zombie!
You destroy the bullfrog zombie!
Your Fighting skill increases to level 7!
You start resting.
A water moccasin skeleton comes into view.
An orc wizard comes into view. It is wielding a +0 dagger.
The orc priest shouts!
The orc wizard shouts!
The water moccasin skeleton bites you but does no damage.
You sock the water moccasin skeleton!
Your weapon exudes an aura of protection.
The water moccasin skeleton is moderately damaged.
You block the water moccasin skeleton's attack.
The water moccasin skeleton bites you.
You hit the water moccasin skeleton.
The water moccasin skeleton is heavily damaged.
An orc comes into view. It is wielding a +0 club.
You closely miss the orc priest.
The orc shouts!
The orc priest barely misses you. You block the orc wizard's attack.
You sock the orc priest!
The orc priest is heavily wounded.
The orc priest mumbles some strange prayers to Beogh against you.
Beogh smites you!
The orc wizard hits you but does no damage.
You closely miss the orc priest.
The orc priest is heavily wounded.
The orc priest calls down the wrath of Beogh upon you.
Beogh smites you!
* * * LOW HITPOINT WARNING * * *
The orc wizard casts a spell at you. You resist with almost no effort.
You closely miss the orc priest.
The orc priest is heavily wounded.
The orc wizard casts a spell.
The orc wizard flickers and vanishes!
Deactivating autopickup; reactivate with Ctrl-A.
The orc priest invokes the aid of Beogh against you.
Beogh smites you!
You die...

######## #<.....#
# #......# .
#...†>.# .
#......# .
#....o@# .
#.....{# #
#....Zo##
#.......# #
#.......####.# . #
##.##........# ...
...#..#.###### ...
...........##.####
## ...
...........Z....#
. ..


You could see an orc priest, an orc and a water moccasin skeleton.

Vanquished Creatures
  A water moccasin (D:4)
  An ice beast (D:5)
  Pargi (D:3)
  A black bear (D:4)
  A necrophage (D:5)
  An ogre (D:6)
  A bullfrog (D:3)
  5 scorpions
  A water moccasin zombie (D:5)
  A killer bee (D:5)
  A bullfrog zombie (D:5)
  A jelly (D:6)
  A bullfrog skeleton (D:4)
  Jessica (D:3)
  2 orc wizards (D:4)
  Robin (D:3)
  2 adders
  2 white imps (D:5)
  An adder skeleton (D:4)
  2 worms (D:2)
  A dart slug (D:3)
  11 orcs
  3 bats
  8 endoplasms
  A giant cockroach (D:3)
  8 goblins
  11 hobgoblins
  3 jackals (D:1)
  4 kobolds
  4 ball pythons
  A frilled lizard (D:1)
  10 rats
93 creatures vanquished.

Notes
Turn   | Place    | Note
-------+----------+-------------------------------------------
     0 | D:1      | Ijustatesigmund the Gargoyle Fighter began the quest for
                  | the Orb.
     0 | D:1      | Reached XP level 1. HP: 14/14 MP: 1/1
   100 | D:1      | Reached XP level 2. HP: 13/19 MP: 2/2
   843 | D:2      | Reached XP level 3. HP: 8/24 MP: 3/3
  1181 | D:2      | Found a faded altar of an unknown god.
  1553 | D:2      | Found a hide-covered altar of Uskayaw.
  1724 | D:3      | Noticed Jessica
  1729 | D:3      | Killed Jessica
  1730 | D:3      | Reached skill level 4 in Fighting
  1730 | D:3      | Reached XP level 4. HP: 29/29 MP: 4/4
  1794 | D:3      | Noticed Robin
  1798 | D:3      | Noticed Pargi
  1809 | D:3      | Killed Pargi
  1810 | D:3      | Reached XP level 5. HP: 32/34 MP: 5/5
  1822 | D:3      | Killed Robin
  1984 | D:3      | Found a burning altar of Makhleb.
  2028 | D:3      | Reached skill level 5 in Maces & Flails
  2028 | D:3      | Reached XP level 6. HP: 38/40 MP: 6/6
  2122 | D:3      | Reached skill level 5 in Fighting
  2486 | D:4      | Identified the +1 robe of Boredom {-Cast rC++}
  2828 | D:4      | Noticed a water moccasin
  2842 | D:4      | Killed a water moccasin
  2880 | D:4      | Reached XP level 7. HP: 44/44 MP: 7/7
  3215 | D:4      | Reached skill level 6 in Fighting
  3377 | D:5      | Entered Level 5 of the Dungeon
  3397 | D:5      | Reached skill level 5 in Shields
  3397 | D:5      | Reached XP level 8. HP: 52/52 MP: 8/8
  3638 | D:5      | Reached skill level 1 in Evocations
  3680 | D:6      | Found a broken altar of Ashenzari.
  3752 | D:6      | Found a bloodstained altar of Trog.
  3933 | D:6      | Found an ancient bone altar of Kikubaaqudgha.
  3995 | D:6      | Reached skill level 1 in Dodging
  4038 | D:5      | Reached skill level 7 in Fighting
  4173 | D:5      | Killed from afar by an orc priest

Illustrated notes

Levels and vault maps discovered:
D:1:      nicolae_arrival_somewhat_less_tricky_arrival, layout_rooms,
          minmay_liquid_box
D:2:      layout_basic, basic_altar, hellmonk_ecumenical_altar_slurped_away
D:3:      layout_basic, mainiacjoe_overflow_paths, uniq_pargi, uniq_robin,
          uniq_jessica
D:4:      layout_loops_ring
D:5:      layout_rooms, kennysheep_generic_room_5
D:6:      layout_rooms, mainiacjoe_overflow_alcove_1,
          nicolae_ashenzari_skybound, nicolae_kikubaaqudgha_miasma_corner,
          jmf_multi_god_temple

Skill      XL: |  1  2  3  4  5  6  7  8 |
---------------+-------------------------+-----
Maces & Flails | 3 4 5 6 |  6.9
Fighting       | 4 5 6 7 |  7.0
Shields        | 4 5 |  5.5
Evocations     | 1 |  1.2
Dodging        | 1 |  1.2
Armour         | |  3.8

Action                   |  1- 3 |  4- 6 |  7- 9 || total
-------------------------+-------+-------+-------++-------
Melee: Flail             |    32 |       |       ||    32
       Mace              |    55 |   106 |   129 ||   290
Evoke: Wand              |       |       |     2 ||     2
  Use: Scroll            |     4 |     6 |     3 ||    13
       Potion            |       |     2 |       ||     2
Armor: Scale mail        |    41 |    24 |       ||    65
       Skin              |       |    26 |       ||    26
       Chain mail        |       |    23 |   108 ||   131
Dodge: Dodged            |    35 |    22 |    28 ||    85
Block: Buckler           |    14 |    12 |       ||    26
       Tower shield      |       |    42 |    58 ||   100
       Kite shield       |       |       |    38 ||    38
